 Dungeon Crawl Stone Soup version 0.28-a0-1286-g6bde065e89 (webtiles) character file.

Game seed: 16756817954483990624

2006 karrick the Shield-Bearer (level 9, -17/74 HPs)
             Began as a Gnoll Fighter on Dec 26, 2021.
             Was a Follower of Okawaru.
             Demolished by Pikel (20 damage)
             ... on level 8 of the Dungeon.
             The game lasted 00:13:57 (8077 turns).

karrick the Shield-Bearer (Gnoll Fighter)           Turns: 8077, Time: 00:13:57

Health: -17/74     AC: 13    Str: 21    XL:     9   Next: 22%
Magic:  5/5        EV: 11    Int:  9    God:    Okawaru [*.....]
Gold:   357        SH:  6    Dex: 15    Spells: 16/16 levels left

rFire   + + +      SeeInvis .   v - +5 trident "Debounnu" {antimagic, *Rage rF+++ Str+6}
rCold   . . .      Faith    .   c - +0 buckler
rNeg    . . .      Spirit   .   b - +0 scale mail
rPois   +          Reflect  .   e - +0 helmet
rElec   .          Harm     .   (no cloak)
rCorr   .          Rampage  .   o - +1 pair of gloves
Will    .....      Rage     20% A - +0 pair of boots
Stlth   +.........              (no amulet)
HPRegen 0.22/turn               y - ring of poison resistance
MPRegen 0.09/turn               (no ring)

@: brilliant, on berserk cooldown
A: fangs 1, strong nose, distributed training
a: Renounce Religion, Heroism


You were on level 8 of the Dungeon.
You worshipped Okawaru.
Okawaru was aware of your devotion.
You visited 2 branches of the dungeon, and saw 9 of its levels.

You collected 357 gold pieces.

Inventory:

Hand Weapons
 a - a +0 war axe
 h - a +1 dagger of venom
 i - a +2 dagger of holy wrath
 k - a +0 broad axe
 v - the +5 trident "Debounnu" (weapon) {antimagic, *Rage rF+++ Str+6}
   (You found it on level 6 of the Dungeon)

   It reduces the magical energy of the wielder, and disrupts the spells and
   magical abilities of those it strikes.
   Natural abilities and divine invocations are not affected.
   Str:       It affects your strength (+6).
   rF:        It renders you almost immune to fire.
   *Rage:     It berserks you when you make melee attacks (+20% chance).
Missiles
 j - a boomerang (quivered)
Armour
 b - a +0 scale mail (worn)
 c - a +0 buckler (worn)
 e - a +0 helmet (worn)
 o - a +1 pair of gloves (worn)
 A - a +0 pair of boots (worn)
Jewellery
 y - a ring of poison resistance (left hand)
Wands
 t - a wand of iceblast (8)
 x - a wand of digging (5)
Scrolls
 g - 4 scrolls of identify {unknown}
 l - a scroll of fog {unknown}
 m - 2 scrolls of enchant armour {unknown}
 n - a scroll of blinking {unknown}
 p - a scroll of vulnerability {unknown}
 r - a scroll of immolation {unknown}
 s - a scroll of amnesia {unknown}
 u - 2 scrolls of teleportation {unknown}
 w - a scroll of enchant weapon {unknown}
 B - a scroll of holy word {unknown}
 F - a scroll of magic mapping {unknown}
Potions
 d - 4 potions of might
 f - a potion of brilliance
 q - a potion of haste
 z - a potion of invisibility {unknown}
 C - a potion of lignification {unknown}
 D - a potion of mutation {unknown}
 E - a potion of degeneration {unknown}


   Skills:
 + Level 7.8 Fighting
 + Level 4.0 Short Blades
 + Level 4.0 Long Blades
 + Level 6.2 Axes
 + Level 4.0 Maces & Flails
 + Level 4.0 Polearms
 + Level 4.0 Staves
 + Level 4.0 Slings
 + Level 4.0 Bows
 + Level 4.0 Crossbows
 + Level 4.0 Throwing
 + Level 7.8 Armour
 + Level 4.0 Dodging
 + Level 4.0 Stealth
 + Level 7.8 Shields
 + Level 4.0 Unarmed Combat
 + Level 4.0 Spellcasting
 + Level 3.3 Conjurations
 + Level 3.3 Hexes
 + Level 3.3 Summonings
 + Level 3.3 Necromancy
 + Level 3.3 Translocations
 + Level 3.3 Transmutations
 + Level 3.3 Fire Magic
 + Level 3.3 Ice Magic
 + Level 3.3 Air Magic
 + Level 3.3 Earth Magic
 + Level 3.3 Poison Magic
 + Level 4.4 Invocations
 + Level 4.0 Evocations


You had 16 spell levels left.
You didn't know any spells.
Your spell library contained the following spells:

 Spells                   Type           Power      Damage    Failure   Level
 Beastly Appendage        Tmut           22%        N/A       17%         1
 Slow                     Hex            44%        N/A       17%         1
 Wereblood                Tmut           11%        N/A       26%         2
 Confusing Touch          Hex            11%        N/A       45%         3
 Dazzling Flash           Conj/Hex       22%        N/A       45%         3
 Spider Form              Tmut/Pois      11%        N/A       45%         3
 Vampiric Draining        Necr           11%        2d6       45%         3
 Airstrike                Air            5%         N/A       86%         4
 Iskenderun's Mystic Bla  Conj/Tloc      11%        2d4       86%         4
 Passage of Golubria      Tloc           11%        N/A       86%         4
 Lightning Bolt           Conj/Air       5%         1d17      99%         5
 Yara's Violent Unravell  Hex/Tmut       5%         3d4       99%         5
 Starburst                Conj/Fire      5%         6d4       100%        6
 Tukima's Dance           Hex            Unusable   N/A       N/A         3
 Summon Lightning Spire   Summ/Air       Unusable   N/A       N/A         4

Dungeon Overview and Level Annotations

Branches:
Dungeon (8/15)             Temple (1/1) D:4
   Lair: D:8-11

Altars:
Ashenzari
Cheibriados
Dithmenos
Elyvilon
Gozag
Makhleb
Nemelex Xobeh
Okawaru
Qazlal
Ru
Sif Muna
Uskayaw
Wu Jian
Xom
Yredelemnul
Zin
The Shining One

Annotations:
D:3 2 runed translucent doors, torgal's ghost, amateur OgFE
D:8 Pikel


Innate Abilities, Weirdness & Mutations

You have very sharp teeth.
Your uncanny sense of smell can sniff out nearby items.
Your experience applies equally to all skills.


Message History

Pain shoots through your body!
You reach to attack!
You puncture the orc!
You kill the orc!
Okawaru accepts your kill.
The orc priest miscasts a cantrip.
You reach to attack!
You puncture Pikel!
Pikel is moderately wounded.
Pikel drinks a potion.
Pikel seems to speed up.
You puncture Pikel! You bite Pikel, but do no damage.
Pikel is heavily wounded.
You feel yourself speed up. Pikel completely misses you.
You block Pikel's attack.
The orc priest looks satisfied for a moment.
A lemure comes into view.
You hit Pikel.
Pikel is severely wounded.
Pikel hits you but does no damage.
You are electrocuted!
Pikel hits you but does no damage.
You are electrocuted!
You are too injured to fight recklessly!
You are too injured to fight recklessly!
You closely miss Pikel.
Pikel is severely wounded.
Pikel hits you but does no damage.
Pikel hits you with a +0 whip of electrocution.
You are electrocuted!
* * * LOW HITPOINT WARNING * * *
You closely miss Pikel.
Pikel is severely wounded.
Pikel hits you with a +0 whip of electrocution!
* * * LOW HITPOINT WARNING * * *
It was a potion of brilliance.
You feel clever all of a sudden.
Pikel says, "Don't tell anyone, but I think Ereshkigal likes me."
Pikel closely misses you. You block Pikel's attack.
You puncture Pikel!
Pikel is almost dead.
Pikel hits you with a +0 whip of electrocution.
* * * LOW HITPOINT WARNING * * *
You are electrocuted!!
You die...

.#. ).. .. #####<#
#...... ∆ #......
#......##############
+.....5oK@).†.......##
#.....5############..#
#...... ##.# #......
#.# #(..... #.####.
#.o5... #......
#...... #..####
#...[.. #......
##.###.


You could see Pikel (fast), 2 lemures and an orc priest.

Vanquished Creatures
  2 water moccasins (D:7)
  2 black bears (D:8)
  An ice beast (D:7)
  2 necrophages
  2 ogres (D:4)
  2 centaurs
  A kobold brigand (D:7)
  2 lemures (D:8)
  3 scorpions
  3 killer bees (D:8)
  A howler monkey (D:7)
  An orc priest (D:8)
  2 hounds
  2 bullfrog zombies (D:5)
  A centaur skeleton (D:7)
  4 orc wizards
  Terence (D:2)
  An iguana (D:6)
  8 adders
  8 gnolls
  3 shadow imps
  3 ufetubi
  An adder skeleton (D:4)
  3 worms
  2 dart slugs
  13 orcs
  5 bats
  9 endoplasms
  2 giant cockroaches
  7 goblins
  6 hobgoblins
  4 jackals (D:1)
  11 kobolds
  3 quokkas
  5 ball pythons
  3 frilled lizards
  7 rats
136 creatures vanquished.

Vanquished Creatures (others)
  5 plants (D:1)
  8 withered plants (D:1)
13 creatures vanquished.

Grand Total: 149 creatures vanquished

Notes
Turn   | Place    | Note
-------+----------+-------------------------------------------
     0 | D:1      | karrick the Gnoll Fighter began the quest for the Orb.
     0 | D:1      | Reached XP level 1. HP: 23/23 MP: 1/1
    31 | D:1      | Upgraded the game from 0.28-a0-1236-gb25a51b929 to
                  | 0.28-a0-1286-g6bde065e89
    64 | D:1      | Reached XP level 2. HP: 29/29 MP: 2/2
   529 | D:1      | Reached XP level 3. HP: 34/35 MP: 3/3
   577 | D:1      | You fall into a shaft and drop 1 floor!
   911 | D:1      | Reached skill level 1 in Invocations
   955 | D:1      | Found a faded altar of an unknown god.
  1135 | D:2      | Reached skill level 1 in Short Blades
  1135 | D:2      | Reached skill level 1 in Long Blades
  1135 | D:2      | Reached skill level 1 in Maces & Flails
  1135 | D:2      | Reached skill level 1 in Polearms
  1135 | D:2      | Reached skill level 1 in Staves
  1135 | D:2      | Reached skill level 1 in Slings
  1135 | D:2      | Reached skill level 1 in Bows
  1135 | D:2      | Reached skill level 1 in Crossbows
  1135 | D:2      | Reached skill level 1 in Throwing
  1135 | D:2      | Reached skill level 1 in Dodging
  1135 | D:2      | Reached skill level 1 in Stealth
  1135 | D:2      | Reached skill level 1 in Unarmed Combat
  1135 | D:2      | Reached skill level 1 in Spellcasting
  1135 | D:2      | Reached skill level 1 in Evocations
  1180 | D:2      | Reached XP level 4. HP: 38/41 MP: 5/5
  1377 | D:2      | Reached skill level 1 in Conjurations
  1377 | D:2      | Reached skill level 1 in Hexes
  1377 | D:2      | Reached skill level 1 in Summonings
  1377 | D:2      | Reached skill level 1 in Necromancy
  1377 | D:2      | Reached skill level 1 in Translocations
  1377 | D:2      | Reached skill level 1 in Transmutations
  1377 | D:2      | Reached skill level 1 in Fire Magic
  1377 | D:2      | Reached skill level 1 in Ice Magic
  1377 | D:2      | Reached skill level 1 in Air Magic
  1377 | D:2      | Reached skill level 1 in Earth Magic
  1377 | D:2      | Reached skill level 1 in Poison Magic
  1469 | D:2      | Noticed Terence
  1849 | D:2      | Killed Terence
  1850 | D:2      | Reached XP level 5. HP: 34/47 MP: 6/6
  2822 | D:3      | Found a large runed translucent door.
  2822 | D:3      | Found a large runed translucent door.
  2828 | D:3      | Noticed torgal's ghost (amateur OgFE)
  2988 | D:4      | Noticed a phantom
  2988 | D:4      | Found a staircase to the Ecumenical Temple.
  3107 | D:5      | Entered Level 5 of the Dungeon
  3110 | D:5      | Found a broken altar of Ashenzari.
  3140 | D:5      | Noticed a centaur
  3144 | D:5      | Killed a centaur
  3145 | D:5      | Reached XP level 6. HP: 46/53 MP: 8/8
  3283 | D:5      | Reached skill level 5 in Axes
  3388 | D:5      | Found a stormy altar of Qazlal.
  3714 | D:5      | Reached XP level 7. HP: 58/59 MP: 10/10
  3723 | D:5      | Found a white marble altar of Elyvilon.
  4123 | D:5      | Found a sacrificial altar of Ru.
  5004 | D:6      | Identified the +5 trident "Debounnu" {antimagic, *Rage
                  | rF+++ Str+6}
  5587 | D:4      | Reached XP level 8. HP: 67/67 MP: 4/12
  5687 | Temple   | Entered the Ecumenical Temple
  5942 | Temple   | Became a worshipper of Warmaster Okawaru
  6038 | D:4      | Found a burning altar of Makhleb.
  6126 | D:4      | Found a hide-covered altar of Uskayaw.
  6130 | D:4      | Found a shadowy altar of Dithmenos.
  6135 | D:4      | Found an opulent altar of Gozag.
  7164 | D:7      | Reached * piety under Okawaru
  7869 | D:8      | Reached XP level 9. HP: 72/72 MP: 4/14
  8068 | D:8      | Noticed Pikel
  8077 | D:8      | HP: 3/74 [Pikel (6)]
  8077 | D:8      | Demolished by Pikel

Illustrated notes

Levels and vault maps discovered:
D:1:      tarquinn_simple_flora_water_d, layout_rooms,
          shapermc_ecumenical_altar_flowoftime
D:2:      layout_rooms, st_stairs_13, minmay_close_crescents, uniq_terence
D:3:      layout_basic, ebering_ghost_disaster_area,
          nicolae_concentric_dashed_squares_mild, serial_park_tiny_pond
D:4:      layout_basic, bloody_makhleb, minitemple,
          minmay_temple_entry_offerings, patterned_corridor
D:5:      layout_layer_cave, ashenzari_conservatory_becter, lemuel_doored_altar,
          mainiacjoe_overflow_small_starburst,
          mainiacjoe_overflow_six_doors_small, hangedman_abyss_or_decor_passed
D:6:      layout_loops_corners
D:7:      layout_layer_cave
D:8:      layout_basic, serial_shops, shop, uniq_pikel
Temple:   jpeg_temple_island

Skill      XL: |  1  2  3  4  5  6  7  8  9 |
---------------+----------------------------+-----
Invocations    | 1 2 3 4 |  4.4
Short Blades   | 1 2 3 4 |  4.0
Long Blades    | 1 2 3 4 |  4.0
Maces & Flails | 1 2 3 4 |  4.0
Polearms       | 1 2 3 4 |  4.0
Staves         | 1 2 3 4 |  4.0
Slings         | 1 2 3 4 |  4.0
Bows           | 1 2 3 4 |  4.0
Crossbows      | 1 2 3 4 |  4.0
Throwing       | 1 2 3 4 |  4.0
Dodging        | 1 2 3 4 |  4.0
Stealth        | 1 2 3 4 |  4.0
Unarmed Combat | 1 2 3 4 |  4.0
Spellcasting   | 1 2 3 4 |  4.0
Evocations     | 1 2 3 4 |  4.0
Conjurations   | 1 2 3 |  3.3
Hexes          | 1 2 3 |  3.3
Summonings     | 1 2 3 |  3.3
Necromancy     | 1 2 3 |  3.3
Translocations | 1 2 3 |  3.3
Transmutations | 1 2 3 |  3.3
Fire Magic     | 1 2 3 |  3.3
Ice Magic      | 1 2 3 |  3.3
Air Magic      | 1 2 3 |  3.3
Earth Magic    | 1 2 3 |  3.3
Poison Magic   | 1 2 3 |  3.3
Axes           | 5 6 |  6.2
Fighting       | 7 |  7.8
Armour         | 7 |  7.8
Shields        | 7 |  7.8

Action                   |  1- 3 |  4- 6 |  7- 9 || total
-------------------------+-------+-------+-------++-------
Melee: War axe           |    79 |   158 |   104 ||   341
       Bite              |     8 |    11 |    32 ||    51
       Trident           |       |       |   135 ||   135
  Use: Potion            |       |     2 |     2 ||     4
 Stab: Distracted        |       |       |     1 ||     1
Armor: Scale mail        |    21 |    70 |   116 ||   207
Dodge: Dodged            |    28 |    62 |   115 ||   205
Block: Buckler           |    11 |    60 |    66 ||   137

Table legend: (Time is in decaauts)
 A = Elapsed time spent in this place.
 B = Non-inter-level travel time spent in this place.
 C = Inter-level travel time spent in this place.
 D = Time resting spent in this place.
 E = Time spent auto-exploring this place.
 F = Levels seen in this place.
 G = Mean time per level.
                   A        B        C        D        E       F      G
               +--------+--------+--------+--------+--------+-----+--------+
         Total |   8286 |   7869 |    417 |     31 |   6591 |   9 |  920.7 |
       Dungeon |   7970 |   7621 |    349 |     31 |   6351 |   8 |  996.2 |
        Temple |    316 |    248 |     68 |      0 |    239 |   1 |  316.0 |
               +--------+--------+--------+--------+--------+-----+--------+

Top non-repeatable levels by time:
     D:7: 1504 daAuts
     D:5: 1329 daAuts
     D:3: 1114 daAuts
     D:1: 1071 daAuts
     D:6: 1008 daAuts
     D:2: 882 daAuts
     D:4: 777 daAuts
  Temple: 316 daAuts
     D:8: 281 daAuts
